 Dungeon Crawl Stone Soup version 0.29.0-15-g675c0067aa (webtiles) character file.

Game seed: 5709791657824193777

25 Ge0ff the Grave Robber (level 3, -5/26 HPs)
             Began as a Meteoran Necromancer on Sept 11, 2022.
             Slain by an iron imp (8 damage)
             ... summoned by Natasha
             ... on level 3 of the Dungeon.
             The game lasted 00:04:37 (275 turns).

Ge0ff the Grave Robber (Meteoran Necromancer)        Turns: 275, Time: 00:04:37

Health: -5/26      AC:  2    Str:  9    XL:     3   Next: 35%
Magic:  0/8        EV: 12    Int: 18    God:
Gold:   52         SH:  0    Dex: 15    Spells: 7/8 levels left

rFire   . . .      SeeInvis .   a - +0 dagger
rCold   . . .      Faith    .   (no shield)
rNeg    . . .      Spirit   .   N - +0 robe
rPois   .          Reflect  .   (no helmet)
rElec   .          Harm     .   (no cloak)
rCorr   .          Rampage  .   (no gloves)
Will    .....                   (no boots)
Stlth   +.........              (no amulet)
HPRegen 0.08/turn               (no ring)
MPRegen 0.11/turn               (no ring)

@: brilliant, glowing
A: sense surroundings 1, otherworldly, glowing, explore regen
a: no special abilities


You were on level 3 of the Dungeon.
You visited 1 branch of the dungeon, and saw 3 of its levels.

You collected 52 gold pieces.

Inventory:

Hand Weapons
 a - a +0 dagger (weapon)
Armour
 N - a +0 robe (worn)
Scrolls
 O - a scroll of blinking {unknown}
Potions
 K - a potion of magic {!q}
 M - a potion of degeneration {unknown}


   Skills:
 - Level 2.4 Dodging
 - Level 1.4 Stealth
 + Level 3.2 Spellcasting
 * Level 5.1 Necromancy


You had 7 spell levels left.
You knew the following spells:

 Your Spells              Type           Power      Damage    Failure   Level
k - Necrotise             Necr           100%       1d9       1%          1

Your spell library contained the following spells:

 Spells                   Type           Power      Damage    Failure   Level
 Vampiric Draining        Necr           32%        2d8       6%          3
 Slow                     Hex            16%        N/A       16%         1
 Animate Dead             Necr           32%        N/A       19%         4
 Confusing Touch          Hex            4%         N/A       43%         3
 Agony                    Necr           32%        N/A       47%         5


Dungeon Overview and Level Annotations

Branches:
Dungeon (3/15) Zot: 1524

Altars:

Shops:
D:2 (:!

Annotations:
D:3 Natasha


Innate Abilities, Weirdness & Mutations

You passively map a small area around you.
You are easily found by Zot.
You glow in the dark.
You regain HP and MP as you explore.


Message History

The magic dart hits you!
Casting: Necrotise (safe; 1% risk of failure)
Confirm with . or Enter, or press ? or * to list all spells.
Aiming: Necrotise (safe; 1% risk of failure)
Press: ? - help, Shift-Dir - straight line, p - Natasha Natasha writhes in agony!
Your ball python skeleton crumbles into dust!
Your bat skeleton closely misses Natasha.
Your bat skeleton hits Natasha but does no damage. x2
Natasha drinks a potion.
Natasha is healed!
Casting: Necrotise (safe; 1% risk of failure)
Confirm with . or Enter, or press ? or * to list all spells.
Aiming: Necrotise (safe; 1% risk of failure)
Press: ? - help, Shift-Dir - straight line Natasha writhes in agony.
Your bat skeleton closely misses Natasha.
Your bat skeleton hits Natasha but does no damage.
The iron imp hits you.
Casting: Necrotise (safe; 1% risk of failure)
Confirm with . or Enter, or press ? or * to list all spells.
Aiming: Necrotise (safe; 1% risk of failure)
Press: ? - help, Shift-Dir - straight line, f - Natasha
Aim: Natasha (severely wounded, ally target, chance to affect: 80%) Natasha barely resists.
Your bat skeleton hits Natasha. x2
Natasha claws your bat skeleton.
Your bat skeleton barely misses Natasha.
The iron imp hits you.
Casting: Necrotise (safe; 1% risk of failure)
Confirm with . or Enter, or press ? or * to list all spells.
Aiming: Necrotise (safe; 1% risk of failure)
Press: ? - help, Shift-Dir - straight line, f/p - Natasha
Aim: Natasha (severely wounded, not watching you, ally target, chance to affect: 80%) Natasha writhes in agony.
Your bat skeleton hits Natasha.
Your bat skeleton closely misses Natasha.
Natasha claws your bat skeleton. The iron imp hits you.
Your bat skeleton barely misses Natasha.
Casting: Necrotise (safe; 1% risk of failure)
Confirm with . or Enter, or press ? or * to list all spells.
Aiming: Necrotise (safe; 1% risk of failure)
Press: ? - help, Shift-Dir - straight line, f/p - Natasha
Aim: Natasha (almost dead, not watching you, ally target, chance to affect: 80%) Natasha writhes in agony.
Your bat skeleton misses Natasha.
Your bat skeleton completely misses Natasha.
Natasha claws you.
* * * LOW HITPOINT WARNING * * *
It was a potion of brilliance.
You feel clever all of a sudden.
Your bat skeleton misses Natasha. x2; Natasha misses you.
The iron imp hits you!
You die...

* ... #.#.. ....# .....
#.#.## ...# *
.....##.#..###..###
.....(..#.........# # *
..............#...### .#
*
.....=..#......#Z...##.#
........#.#######..##..#
,
......Z5.......#...#8..8
*
......h@#.....#.........
.?......#............>..
,........#.######...#8(.8
#########.# #...##..# ,
#.# #.......# #.#
#....†### .######.....# *
* ,..........### ,,
#######+#....


You could see an iron imp (summoned), Natasha (ally target) and a friendly bat
skeleton.

Vanquished Creatures
  An adder (D:3)
  2 endoplasms
  A giant cockroach (D:1)
  A quokka (D:2)
  5 ball pythons
  2 bats
  A goblin (D:1)
13 creatures vanquished.

Vanquished Creatures (collateral kills)
  A goblin (D:3)
  A rat (D:3)
2 creatures vanquished.

Vanquished Creatures (others)
  3 plants (D:2)
3 creatures vanquished.

Grand Total: 18 creatures vanquished

Notes
Turn   | Place    | Note
-------+----------+-------------------------------------------
     0 | D:1      | Ge0ff the Meteoran Necromancer began the quest for the Orb.
     0 | D:1      | Reached XP level 1. HP: 14/14 MP: 5/5
    42 | D:1      | Reached XP level 2. HP: 19/20 MP: 1/6
   125 | D:2      | Found Puroapn's Distillery.
   166 | D:2      | Found Fuom's Antique Weapon Shoppe.
   198 | D:2      | Found Teskinig's Book Emporium.
   245 | D:3      | Reached skill level 5 in Necromancy
   245 | D:3      | Reached XP level 3. HP: 25/26 MP: 1/8
   265 | D:3      | Noticed Natasha
   275 | D:3      | Slain by an iron imp

Illustrated notes

Levels and vault maps discovered:
D:1:      lightli_arrival_maybe_door_vault, layout_rooms
D:2:      layout_basic, serial_shops, shop, nicolae_shop_overgrown_old_shop,
          shop, shop_statue, kennysheep_generic_room_4
D:3:      layout_basic, shapermc_ecumenical_altar_notcrosses, serial_shops,
          nicolae_shop_advertising_works [nicolae_subvault_shop_adworks], shop,
          minmay_misc_feat_columns, st_stairs_6, feat_on_display, uniq_natasha

Skill      XL: |  1  2 |
---------------+-------+-----
Spellcasting   | 3 |  3.2
Necromancy     | 5 |  5.1
Dodging        | |  2.4
Stealth        | |  1.4

Action                   || total
-------------------------++-------
Melee: Unarmed           ||     1
 Cast: Necrotise         ||    28
  Use: Potion            ||     1
Armor: Robe              ||     2
Dodge: Dodged            ||     5
